 Dungeon Crawl Stone Soup version 0.18-a0-1800-gdc7a371 (webtiles) character file.

231563 esc the Imperceptible (level 19, -7/178 HPs)
             Began as a Naga Enchanter on Apr 24, 2016.
             Was the Champion of Dithmenos.
             Shot with a sling bullet by a faun (14 damage)
             ... on level 4 of the Shoals.
             The game lasted 05:16:59 (40863 turns).

esc the Imperceptible (Naga Enchanter)             Turns: 40863, Time: 05:17:00

Health: -7/178     AC: 30    Str: 13    XL:     19   Next: 51%
Magic:  24/35      EV: 15    Int: 30    God:    Dithmenos [******]
Gold:   459        SH:  0    Dex: 20    Spells: 11 memorised, 3 levels left

rFire  + + .     SeeInvis +     Y - +6 dagger of Deih {holy, +Fly}
rCold  . . .     Gourm    .     R - +2 robe of the Last Souls {*Contam *Corrode Int+6 Dex+9}
rNeg   . . .     Faith    .     (no shield)
rPois  +         Spirit   .     s - +1 helmet
rElec  .         Dismiss  .     h - +1 cloak
rCorr  +         Reflect  .     I - +1 pair of gloves
SustAt .         Harm     .     Z - +2 naga barding {rF+}
MR     ++...                    W - amulet of regeneration {+regen, !d}
Stlth  +++++++...               H - ring of resist corrosion
                                V - +4 ring of protection

@: confused, very slightly contaminated, wreathed by umbra, very slow, very
resistant to hostile enchantments, extremely stealthy
A: yellow scales 1, see invisible, clever 1, deformed body, fire resistance 1,
poison resistance, slowness 2, slow metabolism 1, spit poison 2, constrict 1, AC
+6
a: Spit Poison, Shadow Step, Shadow Form, Renounce Religion, Evoke Flight
}: 1/15 runes: gossamer


You were on level 4 of the Shoals.
You worshipped Dithmenos.
Dithmenos was exalted by your worship.
You were not hungry.

You visited 7 branches of the dungeon, and saw 35 of its levels.
You also visited: Ossuary.

You collected 3637 gold pieces.
You spent 3178 gold pieces at shops.

Inventory:

Hand Weapons
 Y - the +6 dagger of Deih (weapon) {holy, +Fly}
   (You found it on level 6 of the Lair of Beasts)

   It has been blessed by the Shining One to cause great damage to the undead
   and demons.
   It lets you fly.
Missiles
 g - 1146 stones (quivered)
 r - a tomahawk of dispersal {=f}
 v - 11 throwing nets {=f, !d}
 E - 12 tomahawks of returning
Armour
 h - a +1 cloak (worn)
   (You found it on level 1 of the Dungeon)
 s - a +1 helmet (worn)
   (You found it on level 14 of the Dungeon)
 I - a +1 pair of gloves (worn)
   (You found it on level 8 of the Dungeon)
 R - the +2 robe of the Last Souls (worn) {*Contam *Corrode Int+6 Dex+9}
   (You found it on level 10 of the Dungeon)

   It affects your intelligence (+6).
   It affects your dexterity (+9).
   It causes magical contamination when unequipped.
   It may corrode you when you take damage.
 Z - a +2 naga barding of fire resistance (worn)
   (You acquired it on level 6 of the Lair of Beasts)
Jewellery
 A - an uncursed ring of protection from cold {rC+, !d}
   (You found it on level 7 of the Dungeon)
 H - a ring of resist corrosion (right hand)
   (You found it on level 2 of the Lair of Beasts)
 V - a +4 ring of protection (left hand)
   (You took it off a spriggan on level 4 of the Lair of Beasts)
 W - an amulet of regeneration (around neck) {+regen, !d}
   (You found it on level 5 of the Lair of Beasts)
Wands
 a - a wand of polymorph (8/24)
   (You found it on level 1 of the Lair of Beasts)
 b - a wand of hasting (0/9)
   (You found it on level 10 of the Dungeon)
 l - a wand of lightning (5/15)
   (You found it on level 8 of the Lair of Beasts)
 q - a wand of digging (11/24)
   (You found it on level 7 of the Lair of Beasts)
 D - a wand of teleportation (2/9)
   (You found it on level 6 of the Dungeon)
 K - a wand of paralysis (10/24)
   (You found it on level 10 of the Dungeon)
 P - a wand of iceblast (0/15)
   (You found it on level 10 of the Dungeon)
 U - a wand of hasting (4/9)
   (You found it on level 3 of the Lair of Beasts)
Scrolls
 c - 3 scrolls of enchant weapon
 n - 3 scrolls of silence
 p - 3 scrolls of magic mapping {!r}
 w - 2 scrolls of holy word {!r}
 x - 8 scrolls of remove curse
 B - 6 scrolls of blinking {!r}
 C - 3 scrolls of amnesia
 F - 8 scrolls of identify
 M - 5 scrolls of fog
 S - 4 scrolls of recharging
 X - a scroll of fear
Potions
 f - a potion of haste
 i - 5 potions of lignification {!q}
 j - 2 potions of agility
 k - a potion of magic
 o - 7 potions of might
 t - 11 potions of curing
 u - 3 potions of flight
 J - 5 potions of brilliance
 L - 4 potions of ambrosia
 O - 3 potions of cure mutation {!q}
Comestibles
 d - 25 bread rations {@e1}
 T - 6 meat rations {@e2}


   Skills:
 + Level 13.2 Fighting
 - Level 10.2 Short Blades
 - Level 7.7 Armour
 - Level 8.6 Dodging
 + Level 23.4 Stealth
 - Level 12.8 Spellcasting
 - Level 5.9 Conjurations
 - Level 10.8 Hexes
 - Level 3.9 Charms
 - Level 4.0 Necromancy
 - Level 6.4 Translocations
 - Level 4.8 Transmutations
 - Level 4.6 Ice Magic
 - Level 10.0 Poison Magic


You had 3 spell levels left.
You knew the following spells:

 Your Spells              Type           Power        Failure   Level  Hunger
a - Ensorcelled Hibernat  Hex/Ice        ######       1%          2    None
b - Tukima's Dance        Hex            ######..     1%          3    None
c - Dazzling Spray        Conj/Hex       ######..     1%          3    None
d - Confuse               Hex            ######..     1%          3    None
e - Olgreb's Toxic Radia  Pois           ######..     1%          4    None
f - Alistair's Intoxicat  Trmt/Pois      ######..     3%          5    #......
g - Invisibility          Hex            ######..     6%          6    ####...
h - Passage of Golubria   Tloc           N/A          1%          4    None
i - Venom Bolt            Conj/Pois      ######....   2%          5    #......
r - Regeneration          Chrm/Necr      #####.....   1%          3    None
w - Passwall              Trmt/Erth      ####......   1%          2    None


Dungeon Overview and Level Annotations

Branches:
Dungeon (15/15)            Temple (1/1) D:6            Lair (8/8) D:10
 Shoals (4/4) Lair:5       Spider (4/4) Lair:4        Slime (0/6) Lair:8
    Orc (2/2) D:10            Elf (0/3) Orc:2        Vaults (0/5) D:13
 Depths (1/5) D:15

Altars:
Ashenzari
Cheibriados
Dithmenos
Elyvilon
Fedhas
Gozag
Kikubaaqudgha
Makhleb
Nemelex Xobeh
Okawaru
Pakellas
Qazlal
Ru
Sif Muna
Trog
Vehumet
Xom
Yredelemnul
Zin
The Shining One
Beogh
Jiyva

Shops:
D:5 (   D:6 *=   D:15 *   Orc:2 :!=*[   Shoals:3 :

Annotations:
Shoals:3 Roxanne
Shoals:4 Ilsuiw


Innate Abilities, Weirdness & Mutations

You cannot wear boots.
Your serpentine skin is tough (AC +6).
You have supernaturally acute eyesight.
Armour fits poorly on your strangely shaped body.
Your system is resistant to poisons.
You cover ground very slowly.
You have a slow metabolism.
You can spit poison.
You can use your snake-like lower body to constrict enemies.
You are partially covered in yellow scales (AC +2).
Your mind is acute. (Int +2)
Your flesh is heat resistant.


Message History

You hear a splash.
The merfolk javelineer closely misses you.
You now have 21/35 mp.
Aim: a merfolk javelineer, wielding a spear of piercing, wearing a leather armour and wearing a large moonstone ring (black smoke, lightly wounded, unusually agile, umbra, chance to defeat MR: 37%)
The merfolk javelineer resists with almost no effort.
Your shadow mimicks your spell!
The merfolk javelineer resists with almost no effort.
The water nymph gestures at you while chanting.
The water swirls and strikes you!
The faun shoots a sling bullet.
The sling bullet barely misses you.
The sling bullet hits the merfolk javelineer!
The merfolk javelineer hits you but does no damage.
You take 17 damage, and have 60/178 hp.
You now have 19/35 mp.
Aim: a merfolk javelineer, wielding a spear of piercing, wearing a leather armour and wearing a large moonstone ring (black smoke, moderately wounded, unusually agile, umbra, chance to defeat MR: 37%)
The merfolk javelineer resists with almost no effort.
The water nymph closely misses you.
The faun shoots a sling bullet.
The sling bullet misses you.
The sling bullet hits the merfolk javelineer!!
The merfolk javelineer hits you but does no damage.
The snapping turtle bites you!!
* * * LOW HITPOINT WARNING * * *
You emit a cloud of dark smoke.
You take 25 damage, and have 35/178 hp.
You now have 17/35 mp.
Unknown command.
Drink which item? (? for menu, Esc to quit)
You feel much better. The water nymph barely misses you.
The faun shoots a sling bullet.
The sling bullet hits you!
* * * LOW HITPOINT WARNING * * *
You hear a splash.
The merfolk javelineer hits you but does no damage.
The snapping turtle closely misses you.
The snapping turtle is no longer blind.
The faun gestures at you while chanting.
You resist with almost no effort.
The faun gestures at you while chanting.
You resist with almost no effort.
The merfolk javelineer hits you from afar with a spear of piercing!
* * * LOW HITPOINT WARNING * * *
x2 The snapping turtle bites you from afar.
* * * LOW HITPOINT WARNING * * *
The water nymph touches you. The water nymph drowns you!
* * * LOW HITPOINT WARNING * * *
The faun shoots a stone.
The stone hits you but does no damage.
The faun shoots a sling bullet.
The sling bullet hits you but does no damage.
Things that are here:
a sling bullet; a stone You take 27 damage, and have 9/178 hp.
Drink which item? (? for menu, Esc to quit)
You feel much better.
The merfolk javelineer closely misses you.
The snapping turtle bites you from afar!!
* * * LOW HITPOINT WARNING * * *
The water nymph touches you. The water nymph drowns you!
* * * LOW HITPOINT WARNING * * *
The faun shoots a stone.
The stone hits you but does no damage.
You take 5 damage, and have 4/178 hp.
Drink which item? (? for menu, Esc to quit)
Okay, then.
Drink which item? (? for menu, Esc to quit)
Okay, then.
Drink which item? (? for menu, Esc to quit)
Okay, then.
Okay, then.
Unknown command.
Drink which item? (? for menu, Esc to quit)
Okay, then.
Unknown command.
Drink which item? (? for menu, Esc to quit)
Okay, then.
Read which item? (? for menu, Esc to quit)
Really read
B - 7 scrolls of blinking {!r}?
Read which item? (? for menu, Esc to quit)
Okay, then.
Drink which item? (? for menu, Esc to quit)
Okay, then.
Drink which item? (? for menu, Esc to quit)
Okay, then.
Read which item? (? for menu, Esc to quit)
Really read
B - 7 scrolls of blinking {!r}?
Blink to where?
You are very lightly contaminated with residual magic.
As you read the scroll of blinking {!r}, it crumbles to dust.
The faun shoots a sling bullet.
The sling bullet hits you.
* * * LOW HITPOINT WARNING * * *
You take 2 damage, and have 2/178 hp.
Drink which item? (? for menu, Esc to quit)
Okay, then.
Drink which item? (? for menu, Esc to quit)
Okay, then.
Drink which item? (? for menu, Esc to quit)
Okay, then.
Drink which item? (? for menu, Esc to quit)
Okay, then.
Drink which item? (? for menu, Esc to quit)
You are confused.
You feel invigorated.
The faun shoots a stone.
The stone hits you but does no damage.
The faun shoots a sling bullet.
The sling bullet hits you!
You die...

..[....m§§.......
.......§§§§≈.c.........≈
.......≈§§mP..P.P.......
.......§§§§§.)..P.......
.......§≈†tc....P.......
...(....................
......(.(...............
......(((...............
.....)...(......@.......
........................
........................
......!.................
.................$......
.)......................
........................
........(.........
..P..............


You could see a snapping turtle, 2 fauns and a water nymph.

Vanquished Creatures
  Saint Roka (Orc:2)
  Jorgrun (Shoals:3)
  Rupert (Spider:1)
  Asterion (Spider:4)
  Frances (D:12)
  Agnes (Spider:4)
  Kirke (Lair:5)
  8 emperor scorpions
  Aizul (Spider:3)
  2 ghost moths
  A stone giant (Depths:1)
  A salamander stormcaller (D:14)
  A spark wasp (Spider:2)
  An ettin (D:15)
  A merfolk javelineer (Shoals:4)
  4 vault guards (D:13)
  Josephine (Lair:6)
  A merfolk impaler (Shoals:3)
  2 fire dragons (Lair:8)
  A rakshasa (D:15)
  5 entropy weavers
  Erica (D:11)
  7 hydras
  A merfolk avatar (Shoals:2)
  9 centaur warriors
  2 merfolk aquamancers
  2 alligator snapping turtles (Shoals:4)
  14 death yaks
  2 satyrs (Shoals:3)
  2 ogre magi (Orc:2)
  The ghost of sergedm the Thaumaturge, a journeyman DECj of Vehumet (D:12)
  2 deep elf knights (D:13)
  12 sea snakes
  2 wizards
  10 skeletal warriors
  2 deep trolls (Orc:2)
  An unseen horror (D:12)
  13 hill giants
  A lindwurm (Lair:8)
  Pikel (D:7)
  24 harpies
  An orc knight (D:13)
  3 orc sorcerers
  20 orb spiders
  6 cyclopes
  10 griffons
  17 ugly things
  2 deep elf magi
  16 fauns
  32 wolf spiders
  2 hornets (Spider:2)
  An oklob plant (Lair:7)
  6 manticores
  3 moths of wrath
  12 sirens
  5 black mambas
  27 elephants
  6 water nymphs
  2 gargoyles (D:13)
  9 spiny frogs
  11 torpor snails
  2 centaur skeletons (D:15)
  3 rime drakes
  3 yaktaurs
  14 komodo dragons
  10 demonic crawlers
  An efreet (D:15)
  12 merfolk
  3 polar bears
  30 jumping spiders
  6 two-headed ogres
  13 trolls
  4 giant leeches (Lair:8)
  A blink frog (shapeshifter) (D:14)
  3 wind drakes
  3 boulder beetles
  12 blink frogs
  9 slime creatures
  9 snapping turtles
  3 water elementals
  89 redbacks
  A shadow (D:15)
  A wyvern (D:13)
  5 wraiths
  3 spriggans (Lair:4)
  23 tarantellas
  5 basilisks
  77 yaks
  2 hungry ghosts (D:11)
  Grum (Lair:1)
  2 steam dragons (Lair:8)
  11 hippogriffs
  4 vampire mosquitoes
  2 wargs (Orc:2)
  Menkaure (Ossuary)
  4 mottled dragons
  Duvessa (D:4)
  17 water moccasins
  Edmund (D:4)
  2 hell hounds
  9 porcupines
  2 swamp drakes (Lair:8)
  3 sky beasts
  6 wasps
  3 slaves (D:7)
  5 ice beasts
  21 ogres
  A black bear (shapeshifter) (D:15)
  21 orc warriors
  The ghost of esc the Sneak, an amateur NaEn (D:3)
  A boggart (Depths:1)
  A phantom (D:9)
  14 wolves
  22 centaurs
  A big kobold (D:12)
  17 crocodiles
  20 giant frogs
  Dowan (D:4)
  7 jellies
  A water moccasin zombie (D:8)
  5 scorpions
  A wyvern skeleton (D:11)
  9 killer bees
  9 wights
  2 electric eels
  3 howler monkeys
  4 centaur zombies
  A wasp zombie (D:12)
  13 crimson imps
  4 giant frog zombies
  5 hounds
  19 orc priests
  2 giant frog skeletons
  12 iguanas
  25 orc wizards
  4 worker ants
  4 sheep (Orc:1)
  2 hound skeletons
  3 mummies (Ossuary)
  2 worker ant zombies
  Robin (D:4)
  8 gnolls
  8 adders
  49 river rats
  2 shadow imps (D:11)
  3 white imps (D:11)
  An ooze (D:4)
  2 adder skeletons
  22 worms
  4 dart slugs
  2 giant geckos (D:3)
  93 orcs
  3 ball pythons
  9 giant cockroaches
  2 gnoll zombies (Ossuary)
  17 goblins
  10 hobgoblins
  9 jackals
  5 quokkas
  13 bats
  3 giant newts
  5 gnoll skeletons (Ossuary)
  2 goblin skeletons (Ossuary)
  5 goblin zombies
  3 hobgoblin zombies (Ossuary)
  18 kobolds
  A kobold skeleton (Ossuary)
  A kobold zombie (Ossuary)
  4 orc skeletons (Ossuary)
  13 rats
  A rat skeleton (Ossuary)
  A fungus (Lair:1)
  A plant (Shoals:2)
1337 creatures vanquished.

Vanquished Creatures (collateral kills)
  A demonic crawler (Spider:4)
  A two-headed ogre (Orc:2)
  Sigmund (D:4)
  A redback (Spider:2)
  A tarantella (Spider:4)
  3 ogres
  3 orcs
11 creatures vanquished.

Vanquished Creatures (others)
  A komodo dragon (Lair:8)
  A water elemental (Shoals:4)
  4 humans
  A hippogriff (Lair:5)
  5 dancing weapons
  An orc warrior (D:12)
  An ogre (Orc:2)
  A wolf (Lair:5)
  3 orcs
  A giant cockroach (D:5)
  A bat (D:3)
  3 gnoll zombies (Ossuary)
  3 goblin skeletons (Ossuary)
  4 goblin zombies (Ossuary)
  4 hobgoblin skeletons (Ossuary)
  3 hobgoblin zombies (Ossuary)
  3 kobold skeletons (Ossuary)
  2 kobold zombies (Ossuary)
  An orc skeleton (Ossuary)
  An orc zombie (Ossuary)
  A rat skeleton (Ossuary)
  2 rat zombies (Ossuary)
  A bush (Lair:4)
  70 fungi
  46 plants
164 creatures vanquished.

Grand Total: 1512 creatures vanquished

Notes
Turn   | Place    | Note
--------------------------------------------------------------
     0 | D:1      | esc the Naga Enchanter began the quest for the Orb.
     0 | D:1      | Reached XP level 1. HP: 15/15 MP: 3/3
    70 | D:1      | Reached XP level 2. HP: 18/24 MP: 5/5
    81 | D:1      | Reached skill level 1 in Fighting
   292 | D:1      | Reached skill level 2 in Dodging
   468 | D:1      | Reached XP level 3. HP: 15/31 MP: 6/6
   898 | D:1      | Learned a level 2 spell: Ensorcelled Hibernation
   902 | D:1      | Learned a level 3 spell: Tukima's Dance
  1516 | D:2      | Reached skill level 2 in Short Blades
  1850 | D:2      | Reached XP level 4. HP: 37/39 MP: 7/7
  2671 | D:3      | Reached skill level 5 in Stealth
  2699 | D:3      | Reached XP level 5. HP: 45/45 MP: 6/8
  2801 | D:3      | Reached skill level 1 in Ice Magic
  3044 | D:3      | Noticed esc's ghost (amateur NaEn)
  3078 | D:4      | Noticed Duvessa
  3082 | D:4      | Noticed Dowan
  3105 | D:4      | Reached skill level 3 in Short Blades
  3215 | D:4      | Reached XP level 6. HP: 52/52 MP: 9/9
  3223 | D:4      | Reached skill level 6 in Stealth
  3223 | D:4      | Reached skill level 2 in Ice Magic
  3309 | D:4      | Noticed Sigmund
  3345 | D:4      | HP: 8/52 [worker ant (7)]
  3616 | D:4      | Killed Sigmund
  3616 | D:4      | Reached skill level 4 in Hexes
  3616 | D:4      | Reached XP level 7. HP: 58/58 MP: 6/10
  3658 | D:4      | Found a deep blue altar of Sif Muna.
  3755 | D:4      | Noticed Edmund
  3776 | D:4      | Killed Edmund
  3776 | D:4      | Reached skill level 4 in Short Blades
  3776 | D:4      | Reached skill level 7 in Stealth
  3776 | D:4      | Reached skill level 3 in Ice Magic
  3882 | D:4      | Noticed Robin
  3925 | D:4      | Reached skill level 2 in Fighting
  3938 | D:4      | Killed Robin
  4322 | D:3      | Killed esc's ghost
  4614 | D:4      | Reached XP level 8. HP: 57/68 MP: 2/11
  4713 | D:5      | Entered Level 5 of the Dungeon
  4934 | D:5      | Reached skill level 1 in Armour
  4972 | D:5      | Found a radiant altar of Vehumet.
  5120 | D:5      | Found a blossoming altar of Fedhas.
  5369 | D:5      | Found Vuamet's Weapon Boutique.
  5431 | D:5      | Reached skill level 2 in Armour
  5603 | D:6      | Reached skill level 3 in Dodging
  5714 | D:6      | Reached skill level 3 in Fighting
  5754 | D:6      | Found a shimmering altar of Xom.
  5760 | D:6      | Found Dauduasy's General Store.
  5776 | D:6      | Bought a scroll of identify for 28 gold pieces
  5823 | D:6      | Found a staircase to the Ecumenical Temple.
  5833 | Temple   | Entered the Ecumenical Temple
  5881 | Temple   | Became a worshipper of Dithmenos the Shadowed
  5893 | D:6      | Found Amiutret's Jewellery Shoppe.
  5952 | D:6      | Found an oddly glowing altar of Pakellas.
  6078 | D:6      | Found a shimmering altar of Xom.
  6084 | D:6      | Found a shimmering altar of Xom.
  6127 | D:6      | Found an ancient bone altar of Kikubaaqudgha.
  6461 | D:4      | Killed Duvessa
  6461 | D:4      | Reached skill level 4 in Fighting
  6461 | D:4      | Reached skill level 4 in Dodging
  6468 | D:4      | Killed Dowan
  6573 | D:7      | Reached XP level 9. HP: 70/79 MP: 12/12
  6720 | D:7      | Reached skill level 5 in Hexes
  6855 | D:7      | Reached skill level 8 in Stealth
  6904 | D:7      | Learned a level 3 spell: Dazzling Spray
  6908 | D:7      | Learned a level 3 spell: Confuse
  7416 | D:7      | Noticed Pikel
  7416 | D:7      | Reached skill level 3 in Spellcasting
  7427 | D:7      | Killed Pikel
  7427 | D:7      | Reached skill level 5 in Short Blades
  7427 | D:7      | Reached skill level 1 in Conjurations
  7537 | D:8      | Noticed a komodo dragon
  7546 | D:8      | Reached skill level 2 in Conjurations
  7556 | D:8      | Found a sand-covered staircase.
  7567 | Ossuary  | Entered an ossuary
  7581 | Ossuary  | Reached * piety under Dithmenos
  7837 | Ossuary  | Noticed Menkaure
  7851 | Ossuary  | HP: 19/79 [??? (16)]
  7853 | Ossuary  | HP: 9/79 [??? (6)]
  7854 | Ossuary  | Gained mutation: Your mind is acute. (Int +2) [potion of mutation]
  7854 | Ossuary  | Gained mutation: You are partially covered in yellow scales (AC +2). [potion of mutation]
  7859 | Ossuary  | HP: 10/79 [??? (7)]
  7874 | Ossuary  | Killed Menkaure
  7874 | Ossuary  | Reached skill level 9 in Stealth
  8325 | D:8      | Reached skill level 4 in Spellcasting
  8399 | D:8      | Reached skill level 6 in Hexes
  8482 | D:8      | Reached ** piety under Dithmenos
  8597 | D:8      | Reached XP level 10. HP: 87/87 MP: 5/16
  8657 | D:8      | Found an iron altar of Okawaru.
  8916 | D:8      | Reached skill level 3 in Conjurations
  9279 | D:9      | Found a glowing golden altar of the Shining One.
  9284 | D:9      | Got a pitted flail
  9507 | D:9      | Reached skill level 10 in Stealth
  9732 | D:10     | Entered Level 10 of the Dungeon
  9747 | D:10     | Reached skill level 6 in Short Blades
  9806 | D:10     | Reached skill level 5 in Spellcasting
  9966 | D:10     | Found a staircase to the Orcish Mines.
  9982 | D:10     | Noticed a centaur warrior
  9983 | D:10     | Found a staircase to the Lair.
 10096 | D:10     | Reached skill level 7 in Hexes
 10270 | D:10     | Got a shadowed robe
 10281 | D:10     | Identified the +2 robe of the Last Souls {*Contam *Corrode Int+6 Dex+9} (You found it on level 10 of the Dungeon)
 10394 | D:10     | Killed a centaur warrior
 10394 | D:10     | Reached skill level 11 in Stealth
 10394 | D:10     | Reached skill level 4 in Ice Magic
 10753 | D:10     | Reached XP level 11. HP: 93/93 MP: 16/19
 10898 | Lair:1   | Entered Level 1 of the Lair of Beasts
 11060 | Lair:1   | Reached skill level 7 in Short Blades
 11064 | Lair:1   | Gained mutation: Your flesh is heat resistant. [potion of beneficial mutation]
 11107 | Lair:1   | Noticed Grum
 11352 | Lair:1   | Reached *** piety under Dithmenos
 11423 | Lair:1   | Killed Grum
 11611 | Lair:1   | Reached skill level 3 in Armour
 11927 | Lair:1   | Got a heavily runed ring mail
 12026 | Lair:1   | Reached skill level 5 in Fighting
 12031 | Lair:1   | Reached skill level 12 in Stealth
 12827 | Lair:1   | Reached skill level 5 in Dodging
 12910 | Lair:1   | HP: 23/96 [porcupine (12)]
 13244 | Lair:2   | Noticed a six-headed hydra
 13457 | Lair:2   | Reached skill level 8 in Short Blades
 13557 | Lair:2   | Reached skill level 4 in Armour
 13727 | Lair:2   | Killed a six-headed hydra
 13727 | Lair:2   | Reached **** piety under Dithmenos
 13727 | Lair:2   | Reached skill level 6 in Fighting
 13727 | Lair:2   | Reached XP level 12. HP: 105/105 MP: 4/20
 13772 | Lair:2   | Reached skill level 13 in Stealth
 14508 | Lair:3   | Reached skill level 6 in Dodging
 14534 | Lair:3   | Reached skill level 5 in Armour
 15279 | Lair:4   | Reached skill level 7 in Fighting
 15364 | Lair:4   | Found a hole to the Spider Nest.
 15454 | Lair:4   | Noticed a death yak
 15515 | Lair:4   | Noticed a death yak
 15515 | Lair:4   | Noticed a death yak
 15534 | Lair:4   | Reached skill level 9 in Short Blades
 15889 | Lair:4   | Noticed a death yak
 15943 | Lair:4   | Noticed a death yak
 16027 | Lair:4   | Reached skill level 14 in Stealth
 16111 | Lair:5   | Got a slimy broad axe
 16153 | Lair:5   | Noticed Kirke
 16165 | Lair:5   | Killed Kirke
 16370 | Lair:5   | Gained mutation: You can use your snake-like lower body to constrict enemies. [Naga growth]
 16370 | Lair:5   | Reached XP level 13. HP: 117/117 MP: 21/21
 16394 | Lair:5   | Found a staircase to the Shoals.
 16702 | Lair:6   | Reached skill level 8 in Fighting
 16727 | Lair:6   | Got a polished dagger
 16728 | Lair:6   | Identified the +6 dagger of Deih {holy, +Fly} (You found it on level 6 of the Lair of Beasts)
 16942 | D:9      | Learned a level 4 spell: Olgreb's Toxic Radiance
 16964 | D:9      | Reached skill level 6 in Spellcasting
 17213 | Lair:6   | Noticed Josephine
 17217 | Lair:6   | Killed Josephine
 17217 | Lair:6   | Reached skill level 7 in Dodging
 17238 | Lair:6   | Reached skill level 1 in Poison Magic
 17438 | Lair:6   | Reached skill level 6 in Armour
 17463 | Lair:6   | Reached skill level 10 in Short Blades
 17484 | Lair:6   | Identified a scroll of acquirement
 17551 | Lair:6   | Reached skill level 2 in Poison Magic
 17854 | Lair:6   | Reached ***** piety under Dithmenos
 18221 | Lair:7   | Reached skill level 15 in Stealth
 18221 | Lair:7   | Reached skill level 3 in Poison Magic
 19075 | Lair:7   | Reached skill level 4 in Poison Magic
 19475 | Lair:7   | Reached XP level 14. HP: 127/127 MP: 19/24
 19496 | Lair:7   | Reached skill level 7 in Spellcasting
 19775 | Lair:7   | Reached skill level 9 in Fighting
 19820 | Lair:7   | Reached skill level 5 in Poison Magic
 19946 | Lair:7   | Reached skill level 7 in Armour
 20234 | Lair:8   | Entered Level 8 of the Lair of Beasts
 20291 | Lair:8   | Reached skill level 8 in Dodging
 20301 | Lair:8   | Learned a level 5 spell: Alistair's Intoxication
 20340 | Lair:8   | Got a heavy robe
 20341 | Lair:8   | Identified the cursed -5 robe of Misfortune {-Cast *Contam *Tele EV-4 Str-2 Int-2 Dex-2 Stlth-- *Curse} (You found it on level 8 of the Lair of Beasts)
 20450 | Lair:8   | Reached skill level 1 in Transmutations
 20466 | Lair:8   | Reached skill level 16 in Stealth
 20553 | Lair:8   | Reached skill level 2 in Transmutations
 20745 | Lair:8   | Found a viscous altar of Jiyva.
 20745 | Lair:8   | Found a staircase to the Slime Pits.
 20795 | Lair:8   | Found a runed door.
 20826 | Lair:8   | Reached skill level 6 in Poison Magic
 20872 | Lair:8   | Reached skill level 8 in Spellcasting
 21461 | Lair:8   | Reached skill level 3 in Transmutations
 21864 | Lair:8   | Reached skill level 7 in Poison Magic
 22283 | Lair:8   | Reached skill level 4 in Transmutations
 22318 | Lair:8   | HP: 23/129 [elephant (13)]
 22623 | Lair:6   | Reached XP level 15. HP: 135/135 MP: 23/27
 22659 | Lair:7   | HP: 24/135 [death yak (15)]
 22876 | Lair:8   | Reached skill level 17 in Stealth
 22933 | Lair:7   | Reached skill level 8 in Poison Magic
 23262 | Orc:1    | Entered Level 1 of the Orcish Mines
 23422 | Orc:1    | You fall through a shaft!
 23422 | Orc:2    | Entered Level 2 of the Orcish Mines
 23497 | Orc:2    | Noticed Saint Roka
 23544 | Orc:2    | Found Ziulum's Distillery.
 23775 | Orc:2    | Killed Saint Roka
 23865 | Orc:2    | yolo
 23865 | Orc:2    | Found Ithogiv's Book Emporium.
 23865 | Orc:2    | Found Dycwogoe's Jewellery Boutique.
 24212 | Orc:2    | Reached ****** piety under Dithmenos
 24342 | Orc:2    | Found Ruqiraetz's Assorted Antiques.
 24354 | Orc:2    | Found Ymulov's Antique Armour Emporium.
 24428 | Orc:2    | Found a staircase to the Elven Halls.
 24494 | Orc:2    | Found a roughly hewn altar of Beogh.
 25046 | Orc:2    | Bought a book of Burglary for 1200 gold pieces
 25053 | Orc:2    | Learned a level 6 spell: Invisibility
 25058 | Orc:2    | Learned a level 4 spell: Passage of Golubria
 25071 | Orc:2    | Bought a potion of curing for 72 gold pieces
 25071 | Orc:2    | Bought a scroll of teleportation for 72 gold pieces
 25071 | Orc:2    | Bought a scroll of teleportation for 72 gold pieces
 25071 | Orc:2    | Bought a twisted peridot ring for 120 gold pieces
 25071 | Orc:2    | Bought a scroll of identify for 48 gold pieces
 25094 | Orc:2    | Bought a glowing helmet for 112 gold pieces
 25280 | D:6      | oops
 25280 | D:6      | Bought a potion of might for 56 gold pieces
 25280 | D:6      | Bought a potion of haste for 140 gold pieces
 25447 | Orc:1    | Found Mzxuzu's Merry Market.
 25904 | Spider:1 | Entered Level 1 of the Spider Nest
 25927 | Spider:1 | Reached skill level 9 in Spellcasting
 26003 | Spider:1 | Reached skill level 1 in Translocations
 26191 | Spider:1 | Reached skill level 8 in Hexes
 26193 | Spider:1 | Noticed an emperor scorpion
 26219 | Spider:1 | Reached skill level 2 in Translocations
 26351 | Spider:1 | Noticed Rupert
 26365 | Spider:1 | Killed Rupert
 26503 | Spider:1 | Reached skill level 3 in Translocations
 26935 | Spider:1 | Reached XP level 16. HP: 121/146 MP: 14/29
 27189 | Spider:1 | Reached skill level 4 in Translocations
 27660 | Spider:2 | Reached skill level 10 in Spellcasting
 27828 | Spider:2 | Reached skill level 9 in Hexes
 28013 | Spider:2 | Reached skill level 5 in Translocations
 28819 | Spider:2 | Reached skill level 6 in Translocations
 29056 | Spider:2 | Reached skill level 10 in Hexes
 29218 | Spider:2 | Learned a level 2 spell: Passwall
 29275 | Spider:3 | Reached skill level 10 in Fighting
 29292 | Spider:3 | Reached skill level 18 in Stealth
 29736 | Spider:3 | Reached skill level 11 in Spellcasting
 29867 | Spider:3 | Got a warped shortbow
 29888 | Spider:3 | Noticed Aizul
 29892 | Spider:3 | Killed Aizul
 30592 | Spider:4 | Entered Level 4 of the Spider Nest
 30658 | Spider:4 | Noticed Asterion
 30662 | Spider:4 | Killed Asterion
 30662 | Spider:4 | Reached XP level 17. HP: 154/154 MP: 32/32
 31224 | Spider:4 | Learned a level 3 spell: Regeneration
 31245 | Spider:4 | Noticed Agnes
 31270 | Spider:4 | Killed Agnes
 31270 | Spider:4 | Reached skill level 1 in Charms
 31270 | Spider:4 | Reached skill level 1 in Necromancy
 31425 | Spider:4 | Reached skill level 2 in Charms
 31435 | Spider:4 | Reached skill level 2 in Necromancy
 31796 | Spider:4 | Reached skill level 3 in Necromancy
 31798 | Spider:4 | Reached skill level 3 in Charms
 32050 | Spider:4 | Got a gossamer rune of Zot
 32076 | Spider:4 | Reached skill level 4 in Necromancy
 32159 | Spider:4 | Reached skill level 19 in Stealth
 32399 | D:11     | Noticed Erica
 32402 | D:11     | Killed Erica
 32708 | D:11     | Reached skill level 11 in Fighting
 33057 | D:12     | Noticed Frances
 33070 | D:12     | Killed Frances
 33202 | D:12     | Reached skill level 12 in Spellcasting
 33355 | D:12     | Noticed sergedm's ghost (journeyman DECj)
 33489 | D:12     | Killed sergedm's ghost
 33726 | D:12     | Learned a level 5 spell: Venom Bolt
 33845 | D:12     | Reached skill level 4 in Conjurations
 34807 | D:13     | Reached skill level 9 in Poison Magic
 34836 | D:13     | Reached XP level 18. HP: 137/165 MP: 5/34
 34971 | D:13     | Reached skill level 5 in Conjurations
 35061 | D:13     | Found a gate to the Vaults.
 35851 | D:14     | Reached skill level 10 in Poison Magic
 36028 | D:15     | Entered Level 15 of the Dungeon
 36145 | D:15     | Reached skill level 20 in Stealth
 36487 | D:15     | Found a staircase to the Depths.
 36535 | D:15     | Reached skill level 21 in Stealth
 36880 | D:15     | Found Fuyna Dio's Assorted Antiques.
 36883 | D:15     | Bought a potion of heal wounds for 185 gold pieces
 36883 | D:15     | Bought a potion of might for 148 gold pieces
 36883 | D:15     | Bought a glowing naga barding for 851 gold pieces
 36885 | D:15     | Bought a scroll of fog for 74 gold pieces
 37024 | Depths:1 | Entered Level 1 of the Depths
 37038 | Depths:1 | Found a sparkling altar of Nemelex Xobeh.
 37371 | Shoals:1 | Entered Level 1 of the Shoals
 38001 | Shoals:1 | Reached skill level 22 in Stealth
 38326 | Shoals:2 | Reached skill level 12 in Fighting
 38344 | Shoals:2 | Reached XP level 19. HP: 141/175 MP: 19/35
 38839 | Shoals:3 | Found Anlexoh's Book Shoppe.
 38968 | Shoals:3 | HP: 36/176 [faun/uncursed spear[a satyr] (16)]
 38998 | Shoals:3 | Noticed Jorgrun
 39176 | Shoals:3 | Noticed Roxanne
 39427 | Shoals:3 | Killed Jorgrun
 39627 | Shoals:3 | Reached skill level 23 in Stealth
 39715 | Shoals:4 | Entered Level 4 of the Shoals
 40299 | Shoals:4 | Noticed Ilsuiw
 40477 | Shoals:4 | Reached skill level 13 in Fighting
 40552 | Shoals:4 | HP: 38/178 [merfolk/tomahawk of dispersal (16)]
 40574 | Shoals:4 | HP: 44/178 [merfolk/trident (6)]
 40649 | Shoals:4 | HP: 44/178 [drowned by a water elemental (3)]
 40650 | Shoals:4 | HP: 21/178 [faun/uncursed spear (20)]
 40656 | Shoals:4 | HP: 42/178 [faun/stone (5)]
 40858 | Shoals:4 | HP: 35/178 [snapping turtle (26)]
 40860 | Shoals:4 | HP: 9/178 [drowned by a water nymph (9)]
 40861 | Shoals:4 | HP: 4/178 [drowned by a water nymph (9)]
 40863 | Shoals:4 | Shot with a sling bullet by a faun

Vault maps used:
D:1:      sevenhm_arrival_forest_fort_small_3
D:2:      kennysheep_six_static_rooms, serial_co_window_serial,
          co_window_paths_b, co_window_paths_a, co_window_corner_a,
          co_window_paths_a, co_window_corner_a, co_window_paths_a,
          co_window_of_opportunity_a, co_window_broadway_a, co_window_corner_ca,
          co_window_of_opportunity_b, co_window_2corner, co_window_2corner,
          co_window_broadway_b, co_window_corner_b, glass_columns_a,
          glass_columns_b, glass_columns_a, glass_columns_a,
          corexii_corridor_pit, due_unseen_surprise
D:4:      led_sif_pool, uniq_robin, uniq_edmund, uniq_sigmund, uniq_duvessa
D:5:      marbit_many_paths, fiery_altar_vehumet, serial_shops, shop,
          first_bread
D:6:      nicolae_overflow_crystal_walls, kennysheep_mini_moat, xom_redecorated,
          minmay_temple_entry_junction2, serial_shops, nicolae_shop_statue_plus,
          nicolae_shop_statue_plus
D:7:      grunt_ogre_cave, uniq_pikel
D:8:      lemuel_crystal_altar, enter_ossuary_3
D:9:      lemuel_round_altar
D:10:     minmay_lair_entry_lava, orc_0_dummy
D:11:     minmay_nine_imps, uniq_erica
D:12:     kennysheep_potato, uniq_frances
D:13:     grunt_vaults_entry_fortified
D:14:     hangedman_abyss_or_decor_passed
D:15:     hangedman_depths_entry_civil_slaughter, serial_shops, shop_fountains,
          nicolae_water_bricks
Temple:   circular_temple_12
Lair:1:   grunt_megastairs_5, uniq_grum
Lair:2:   st_stairs_13, grunt_megastairs_2, bh_autumn_forest_stairs
Lair:3:   hangedman_lair_unloving_vines
Lair:4:   nicolae_spider_entry_orb_guardian, st_stairs_11, wad_woods_02
Lair:5:   elwin_shoals_entry_rocks, uniq_kirke
Lair:6:   uniq_josephine
Lair:8:   wormcave, guppyfry_lair_end_dragon, dpeg_slime_entry_enclosed_altar,
          small_statue_intersection, lemuel_fruit_tree
Shoals:1: yaktaur_hedge
Shoals:2: centaur_isle
Shoals:3: serial_shops, nicolae_shop_stone, uniq_roxanne, uniq_jorgrun
Shoals:4: shoals_end_grunt_garden, shoal_ilsuiw,
          nicolae_shoals_siren_and_animal_friends
Spider:1: hangedman_spider_tarantella_strand, uniq_rupert
Spider:2: nicolae_spider_cling_halls
Spider:3: spider_trap, uniq_aizul
Spider:4: grunt_spider_rune_circles, spider_trap, uniq_agnes, uniq_asterion
Orc:1:    nicolae_orc_accident_1, nicolae_alphabet_shops
Orc:2:    st_orc_open, serial_shops, nicolae_shop_behind_doors, basic_altar,
          nicolae_orc_pool_cavern, uniq_saint_roka
Depths:1: nemelex_xobeh_ov_fountains_minmay, pf_vacation_house_of_asmodeus,
          pan_entry, ashenzari_altar_1, uniq_norris
Ossuary:  ossuary_due_pyramid

Skill      XL: |  1  2  3  4  5  6  7  8  9 10 11 12 13 14 15 16 17 18 19 |
---------------+----------------------------------------------------------+-----
Fighting       | 1 2 4 6 7 8 9 10 11 12 13 | 13.2
Dodging        | 2 4 5 6 7 8 |  8.6
Short Blades   | 2 3 4 5 6 8 9 10 | 10.2
Stealth        | 5 6 7 9 11 12 14 15 16 17 18 19 22 23 | 23.4
Ice Magic      | 1 2 3 4 |  4.6
Hexes          | 4 6 7 8 10 | 10.8
Armour         | 2 4 5 6 7 |  7.7
Spellcasting   | 4 5 6 8 9 11 12 | 12.8
Conjurations   | 2 3 4 5 |  5.9
Poison Magic   | 4 7 8 9 10 | 10.0
Transmutations | 4 |  4.8
Translocations | 3 6 |  6.4
Charms         | 3 |  3.9
Necromancy     | 4 |  4.0

Action                   |  1- 3 |  4- 6 |  7- 9 | 10-12 | 13-15 | 16-18 | 19-21 || total
-------------------------+-------+-------+-------+-------+-------+-------+-------++-------
Melee: Dagger            |   162 |   178 |   591 |   172 |  1153 |  1030 |   192 ||  3478
       Short sword       |       |       |       |   264 |    30 |       |       ||   294
       Constrict         |       |       |       |       |   142 |   124 |    27 ||   293
Throw: Stone             |       |       |     5 |    15 |    24 |     4 |     3 ||    51
 Cast: Ensorcelled Hiber |     2 |    24 |    55 |   137 |   229 |   254 |    69 ||   770
       Tukima's Dance    |       |     3 |     7 |     1 |    13 |     3 |       ||    27
       Confuse           |       |       |    16 |    40 |    67 |    60 |     9 ||   192
       Dazzling Spray    |       |       |     2 |    35 |   132 |   138 |    33 ||   340
       Olgreb's Toxic Ra |       |       |       |       |     4 |       |     1 ||     5
       Alistair's Intoxi |       |       |       |       |     3 |       |     2 ||     5
       Invisibility      |       |       |       |       |       |    10 |     1 ||    11
       Venom Bolt        |       |       |       |       |       |    13 |    21 ||    34
       Regeneration      |       |       |       |       |       |     2 |     1 ||     3
       Passage of Golubr |       |       |       |       |       |       |     1 ||     1
Invok: Shadow Step       |       |       |       |     1 |     4 |     1 |       ||     6
 Abil: Spit Poison       |     3 |    19 |    20 |    14 |     5 |     6 |     1 ||    68
       Evoke Flight      |       |       |       |       |     1 |       |       ||     1
Evoke: Wand              |       |       |     1 |     1 |     7 |     4 |     6 ||    19
  Use: Scroll            |     5 |     3 |    14 |     9 |    13 |     5 |     2 ||    51
       Potion            |       |     2 |    10 |     2 |     9 |     1 |     7 ||    31
 Stab: Sleeping          |     7 |    21 |    44 |   103 |   157 |   270 |    38 ||   640
       Confused          |       |       |     5 |    19 |    22 |    16 |       ||    62
       Distracted        |       |       |     4 |     1 |     8 |     9 |       ||    22
       Invisible         |       |       |       |     9 |    37 |    43 |     9 ||    98
  Eat: Chunk             |     2 |     6 |    10 |    14 |    11 |    14 |     6 ||    63
       Fruit             |       |     3 |       |       |    22 |       |     5 ||    30
       Pizza             |       |       |     1 |       |     1 |     1 |       ||     3
       Bread ration      |       |       |     1 |       |       |       |       ||     1
       Beef jerky        |       |       |     3 |     4 |     2 |     2 |       ||    11
       Royal jelly       |       |       |       |     1 |       |       |       ||     1
       Meat ration       |       |       |       |       |       |     3 |       ||     3
Armor: Robe              |    70 |    63 |   177 |   104 |   527 |   405 |   176 ||  1522
       Skin              |       |    14 |    17 |       |       |       |       ||    31
Dodge: Dodged            |    81 |   105 |   220 |   220 |   812 |   653 |   278 ||  2369

Vault maps used:
D:1:      sevenhm_arrival_forest_fort_small_3
D:2:      kennysheep_six_static_rooms, serial_co_window_serial,
          co_window_paths_b, co_window_paths_a, co_window_corner_a,
          co_window_paths_a, co_window_corner_a, co_window_paths_a,
          co_window_of_opportunity_a, co_window_broadway_a, co_window_corner_ca,
          co_window_of_opportunity_b, co_window_2corner, co_window_2corner,
          co_window_broadway_b, co_window_corner_b, glass_columns_a,
          glass_columns_b, glass_columns_a, glass_columns_a,
          corexii_corridor_pit, due_unseen_surprise
D:4:      led_sif_pool, uniq_robin, uniq_edmund, uniq_sigmund, uniq_duvessa
D:5:      marbit_many_paths, fiery_altar_vehumet, serial_shops, shop,
          first_bread
D:6:      nicolae_overflow_crystal_walls, kennysheep_mini_moat, xom_redecorated,
          minmay_temple_entry_junction2, serial_shops, nicolae_shop_statue_plus,
          nicolae_shop_statue_plus
D:7:      grunt_ogre_cave, uniq_pikel
D:8:      lemuel_crystal_altar, enter_ossuary_3
D:9:      lemuel_round_altar
D:10:     minmay_lair_entry_lava, orc_0_dummy
D:11:     minmay_nine_imps, uniq_erica
D:12:     kennysheep_potato, uniq_frances
D:13:     grunt_vaults_entry_fortified
D:14:     hangedman_abyss_or_decor_passed
D:15:     hangedman_depths_entry_civil_slaughter, serial_shops, shop_fountains,
          nicolae_water_bricks
Temple:   circular_temple_12
Lair:1:   grunt_megastairs_5, uniq_grum
Lair:2:   st_stairs_13, grunt_megastairs_2, bh_autumn_forest_stairs
Lair:3:   hangedman_lair_unloving_vines
Lair:4:   nicolae_spider_entry_orb_guardian, st_stairs_11, wad_woods_02
Lair:5:   elwin_shoals_entry_rocks, uniq_kirke
Lair:6:   uniq_josephine
Lair:8:   wormcave, guppyfry_lair_end_dragon, dpeg_slime_entry_enclosed_altar,
          small_statue_intersection, lemuel_fruit_tree
Shoals:1: yaktaur_hedge
Shoals:2: centaur_isle
Shoals:3: serial_shops, nicolae_shop_stone, uniq_roxanne, uniq_jorgrun
Shoals:4: shoals_end_grunt_garden, shoal_ilsuiw,
          nicolae_shoals_siren_and_animal_friends
Spider:1: hangedman_spider_tarantella_strand, uniq_rupert
Spider:2: nicolae_spider_cling_halls
Spider:3: spider_trap, uniq_aizul
Spider:4: grunt_spider_rune_circles, spider_trap, uniq_agnes, uniq_asterion
Orc:1:    nicolae_orc_accident_1, nicolae_alphabet_shops
Orc:2:    st_orc_open, serial_shops, nicolae_shop_behind_doors, basic_altar,
          nicolae_orc_pool_cavern, uniq_saint_roka
Depths:1: nemelex_xobeh_ov_fountains_minmay, pf_vacation_house_of_asmodeus,
          pan_entry, ashenzari_altar_1, uniq_norris
Ossuary:  ossuary_due_pyramid

Table legend:
 A = Turns spent in this place as a percentage of turns spent in the entire game.
 B = Non-inter-level travel turns spent in this place as a percentage of non-inter-level travel turns spent in the entire game.
 C = Inter-level travel turns spent in this place as a percentage of turns spent in this place.
 D = Turns resting spent in this place as a percentage of non-inter-level travel turns spent in this place.
 E = Turns spent auto-exploring this place as a percentage of non-inter-level travel turns spent in this place.
 F = Non-inter-level travel turns spent in this place divided by the number of levels of this place that you've seen.
                   A       B       C       D       E      F
               +-------+-------+-------+-------+-------+----------------------
         Total | 100.0 | 100.0 |   0.5 |   2.4 |   5.0 | 438.4
       Dungeon |  34.7 |  34.6 |   0.8 |   1.1 |   7.3 | 363.7
        Temple |   0.4 |   0.4 |   0.0 |   0.0 |   1.8 |  56.0
          Lair |  30.2 |  30.2 |   0.4 |   2.9 |   3.7 | 595.6
        Shoals |   8.9 |   9.0 |   0.3 |   3.3 |   4.3 | 353.8
   Spider Nest |  15.6 |  15.7 |   0.2 |   4.2 |   3.8 | 617.5
  Orcish Mines |   7.8 |   7.8 |   0.6 |   1.9 |   4.0 | 615.5
        Depths |   0.3 |   0.3 |   0.0 |   0.0 |   4.3 |  47.0
       Ossuary |   2.2 |   2.2 |   0.0 |   2.3 |   2.6 | 342.0
               +-------+-------+-------+-------+-------+----------------------

Table legend:
 A = Kills in this place as a percentage of kills in entire the game.
 B = Kills by you in this place as a percentage of kills by you in the entire game.
 C = Kills by friends in this place as a percentage of kills by friends in the entire game.
 D = Other kills in this place as a percentage of other kills in the entire game.
 E = Experience gained in this place as a percentage of experience gained in the entire game.
 F = Experience gained in this place divided by the number of levels of this place that you have seen.
                   A       B       C       D       E      F
               +-------+-------+-------+-------+-------+----------------------
         Total | 100.0 | 100.0 | 100.0 | 100.0 | 100.0 | 9969.7
       Dungeon |  36.1 |  36.4 |  45.5 |  10.0 |  22.7 | 5421.2
          Lair |  25.9 |  26.4 |   0.0 |   5.0 |  22.9 | 10292.5
        Shoals |   9.8 |   9.5 |   0.0 |  35.0 |  19.4 | 17364.2
   Spider Nest |  17.7 |  17.8 |  27.3 |  10.0 |  28.8 | 25808.0
  Orcish Mines |   8.7 |   8.1 |  27.3 |  40.0 |   5.8 | 10436.0
        Depths |   0.1 |   0.2 |   0.0 |   0.0 |   0.4 | 1500.0
       Ossuary |   1.7 |   1.8 |   0.0 |   0.0 |   0.1 | 190.0
               +-------+-------+-------+-------+-------+----------------------
